 Dungeon Crawl Stone Soup version 0.30-a0-1116-gebefce21f7 (webtiles) character file.

Game seed: 17630060278973130233

3780 sircluck the Cleaver (level 10, 0/86 HPs)
             Began as a Hill Orc Fighter on Apr 21, 2023.
             Was a Priest of Beogh.
             Succumbed to avis's ghost's poison
             ... on level 7 of the Dungeon.
             The game lasted 00:20:52 (9092 turns).

sircluck the Cleaver (Hill Orc Fighter)             Turns: 9092, Time: 00:20:53

Health: 0/86       AC: 21    Str: 24    XL:     10   Next: 16%
Magic:  19/19      EV:  7    Int:  8    God:    Beogh [***...]
Gold:   1671       SH:  5    Dex: 10    Spells: 9/9 levels left

rFire   . . .      SeeInvis .    a - +0 war axe
rCold   . . .      Faith    .    c - +0 buckler
rNeg    . . .      Spirit   .    x - +4 plate armour
rPois   .          Reflect  .    i - +1 helmet
rElec   .          Rampage  .    (no cloak)
rCorr   +                        m - +0 pair of gloves
Will    .....                    (no boots) Stlth
                                 (no amulet)
HPRegen 0.34/turn                g - ring of resist corrosion
MPRegen 0.16/turn                v - ring of magical power

@: lethally poisoned (0 -> -14), about to teleport, studying Maces & Flails
A: no striking features
a: Renounce Religion, Smiting


You were on level 7 of the Dungeon.
You worshipped Beogh.
Beogh was most pleased with you.
You visited 2 branches of the dungeon, and saw 9 of its levels.
You also visited: Sewer.

You collected 1671 gold pieces.

Inventory:

Hand Weapons
 a - a +0 war axe (weapon)
Missiles
 h - 44 stones (quivered)
 r - 2 throwing nets
 s - 5 javelins
 t - 31 poisoned darts
 z - a silver boomerang
Armour
 b - a +0 scale mail
 c - a +0 buckler (worn)
 i - a +1 helmet (worn)
 m - a +0 pair of gloves (worn)
 o - the +1 leather armour of Ennui {Rampage rN+ Int+2}
   (You found it on level 2 of the Dungeon)

   Int:       It affects your intelligence (+2).
   rN:        It protects you from negative energy.
   Rampage:   It bestows one free step when moving towards enemies.
 x - a +4 plate armour (worn)
Jewellery
 g - a ring of resist corrosion (left hand)
 p - a ring of wizardry
 v - a ring of magical power (right hand)
 w - a ring of fire
Wands
 k - a wand of iceblast (8)
Scrolls
 d - a scroll of fog
 e - 3 scrolls of identify
 n - a scroll of teleportation
 q - a scroll of noise
 y - 3 scrolls of vulnerability
Potions
 j - 5 potions of flight


   Skills:
 + Level 7.5 Fighting
 + Level 13.3 Axes
 + Level 0.8 Throwing
 + Level 8.2 Armour
 + Level 1.5 Dodging
 + Level 0.8 Stealth
 + Level 5.5 Shields


You had 9 spell levels left.
You didn't know any spells.
Your spell library contained the following spells:

 Spells                   Type           Power      Damage    Failure   Level
 Magic Dart               Conj           0%         1d3       100%        1
 Sandblast                Erth           0%         2d4       100%        1
 Call Imp                 Summ           0%         N/A       100%        2
 Cigotuvi's Dreadful Rot  Necr/Pois/Air  0%         N/A       100%        2
 Passwall                 Tmut/Erth      0%         N/A       100%        2
 Gell's Gravitas          Tloc           0%         N/A       100%        3
 Ignite Poison            Fire/Tmut/Pois 0%         N/A       100%        3
 Inner Flame              Hex/Fire       0%         N/A       100%        3
 Mephitic Cloud           Conj/Pois/Air  0%         N/A       100%        3
 Stone Arrow              Conj/Erth      0%         3d7       100%        3
 Teleport Other           Tloc           0%         N/A       100%        3
 Flame Wave               Conj/Fire      0%         2d4       100%        4
 Sticky Flame             Conj/Fire      0%         2d3       100%        4
 Freezing Cloud           Conj/Ice/Air   0%         6-21      100%        5
 Dispersal                Tloc           0%         N/A       100%        6


Dungeon Overview and Level Annotations

Branches:
Dungeon (8/15)             Temple (1/1) D:6           Sewer (visited)
   Lair: D:8-11

Altars:
Ashenzari
Cheibriados
Dithmenos
Elyvilon
Fedhas
Gozag
Hepliaklqana
Kikubaaqudgha
Makhleb
Nemelex Xobeh
Okawaru
Ru
Sif Muna
Trog
Uskayaw
Vehumet
Wu Jian
Xom
Yredelemnul
Zin

Annotations:
D:7 exclusion: ice statue, avis's ghost, novice DgTm


Message History

Avis's ghost hits you but does no damage.
You are more poisoned.
You miss avis's ghost.
Avis's ghost is severely damaged.
You feel very sick.
Avis's ghost hits you but does no damage.
You are lethally poisoned!
You hit avis's ghost but do no damage.
Avis's ghost is severely damaged.
* * * LOW HITPOINT WARNING * * *
You feel extremely sick.
Avis's ghost hits you but does no damage.
Aiming: Iceblast
Press: ? - help, Q - select action, (/) - cycle Shift-Dir - straight line, f - avis's ghost
Aim: avis's ghost, wielding a weapon of venom (severely damaged)
Okay, then.
* * * LOW HITPOINT WARNING * * *
You feel very sick. Avis's ghost attacks as you move away!
You block avis's ghost's attack.
* * * LOW HITPOINT WARNING * * *
You feel very sick.
There is a transporter here.
You enter the transporter and appear at another place.
* * * LOW HITPOINT WARNING * * *
You feel very sick.
Avis's ghost hits you but does no damage.
You are more poisoned.
You barely miss avis's ghost.
Avis's ghost is severely damaged.
* * * LOW HITPOINT WARNING * * *
You feel very sick. You block avis's ghost's attack.
You barely miss avis's ghost.
Avis's ghost is severely damaged.
* * * LOW HITPOINT WARNING * * *
You feel very sick. Avis's ghost completely misses you.
As you read the scroll of teleportation, it crumbles to dust.
You feel strangely unstable.
You die...

#.......#..#≈)!.##..#..........
######..#.###._.)..©#..........
#..#.......##).#..........
#..##....#≈#y.##..)[......
##...#.....##..#....).....#
#....##......###....).....#
#.....###.©.###...........#
#.......#####....#........#
#........W@............####
#...............####.#..##
##.......####.<..# #.##..##
##........)..#...## #.###..#
#............#...# #)####.#
#.P.P..##.)..##### #.......
#.._..###....# #...##.# #.P.P[#
#....# #..g##'# #.....# #....#
#..Y.K..


You could see a moth of wrath and avis's ghost.

Vanquished Creatures
  A two-headed ogre (D:6)
  Joseph (D:7)
  A hornet (D:8)
  A yak (D:7)
  A shadow (D:6)
  A wyvern (D:8)
  2 ice beasts
  3 sky beasts (D:7)
  An ogre (D:7)
  A centaur (D:8)
  A phantom (D:6)
  2 kobold brigands
  3 gnoll sergeants (D:7)
  4 scorpions
  A howler monkey (D:3)
  6 hounds
  2 jellies
  3 orc priests
  2 sleepcaps
  An iguana (D:7)
  An orc wizard (D:8)
  18 gnolls
  6 river rats (Sewer)
  12 adders
  A shadow imp (D:6)
  A white imp (D:6)
  2 ufetubi (D:6)
  3 worms
  2 dart slugs
  20 orcs
  13 ball pythons
  10 endoplasms
  3 giant cockroaches
  9 goblins
  4 hobgoblins
  3 jackals (Sewer)
  4 quokkas
  16 bats
  6 frilled lizards
  17 kobolds
  10 rats
199 creatures vanquished.

Vanquished Creatures (others)
  A kobold (D:4)
1 creature vanquished.

Grand Total: 200 creatures vanquished

Notes
Turn   | Place    | Note
-------+----------+-------------------------------------------
     0 | D:1      | sircluck the Hill Orc Fighter began the quest for the Orb.
     0 | D:1      | Reached XP level 1. HP: 19/19 MP: 1/1
   158 | D:1      | Reached XP level 2. HP: 27/27 MP: 2/2
   312 | D:1      | Reached skill level 3 in Axes
   480 | D:1      | Reached XP level 3. HP: 33/33 MP: 3/3
  1027 | D:2      | Identified the +1 leather armour of Ennui {Rampage rN+
                  | Int+2}
  1173 | D:2      | Found a sacrificial altar of Ru.
  1241 | D:2      | Reached skill level 4 in Axes
  1489 | D:2      | Reached XP level 4. HP: 40/40 MP: 4/4
  1695 | D:3      | Found a glowing silver altar of Zin.
  1770 | D:3      | Found a faded altar of an unknown god.
  1779 | D:3      | HP: 1/40 [gnoll/+0 halberd (10)]
  1987 | D:3      | Reached skill level 5 in Axes
  2094 | D:3      | Reached XP level 5. HP: 44/47 MP: 5/5
  2749 | D:4      | Reached skill level 6 in Axes
  2749 | D:4      | Reached XP level 6. HP: 38/53 MP: 6/6
  2928 | D:4      | Became a worshipper of Beogh the Brigand
  3824 | D:4      | Found a hazy altar of Hepliaklqana.
  3849 | D:5      | Entered Level 5 of the Dungeon
  3895 | D:5      | Found a blossoming altar of Fedhas.
  3897 | D:5      | Found a shimmering altar of Xom.
  3922 | D:5      | Found a glowing drain.
  3930 | D:5      | Reached skill level 5 in Armour
  3983 | Sewer    | Entered a sewer
  3993 | Sewer    | Reached skill level 1 in Dodging
  3995 | Sewer    | Reached XP level 7. HP: 56/60 MP: 7/7
  4152 | Sewer    | Reached * piety under Beogh
  4164 | Sewer    | Reached skill level 7 in Axes
  4174 | Sewer    | Reached skill level 5 in Fighting
  4703 | Sewer    | Identified a scroll of acquirement
  4703 | Sewer    | Acquired 1261 gold pieces
  5383 | D:5      | Reached skill level 8 in Axes
  5451 | D:5      | Found a burning altar of Makhleb.
  5521 | D:6      | Noticed a two-headed ogre
  5533 | D:6      | Killed a two-headed ogre
  5534 | D:6      | Reached skill level 9 in Axes
  5534 | D:6      | Reached XP level 8. HP: 49/70 MP: 8/8
  5663 | D:6      | Noticed a shadow
  5681 | D:6      | Killed a shadow
  5894 | D:6      | Reached skill level 10 in Axes
  5894 | D:6      | Reached XP level 9. HP: 52/77 MP: 9/9
  5984 | D:6      | Found a snail-covered altar of Cheibriados.
  6080 | D:6      | Found a hide-covered altar of Uskayaw.
  6089 | D:6      | Reached ** piety under Beogh
  6412 | D:6      | Found a staircase to the Ecumenical Temple.
  6621 | D:6      | Found an ornate altar of the Wu Jian Council.
  6635 | D:6      | Found a radiant altar of Vehumet.
  6731 | Temple   | Entered the Ecumenical Temple
  6902 | D:7      | Found a transporter.
  6903 | D:7      | Noticed a moth of wrath
  6916 | D:7      | Noticed avis's ghost (novice DgTm)
  6921 | D:7      | Found a bloodstained altar of Trog.
  6924 | D:7      | Found a transporter.
  6964 | D:7      | Reached skill level 11 in Axes
  6964 | D:7      | Reached skill level 5 in Shields
  7087 | D:7      | Noticed an ice statue
  7145 | D:7      | Found a basalt altar of Yredelemnul.
  7325 | D:7      | Noticed a hornet
  7349 | D:7      | Paralysed by a hornet for 2 turns
  7360 | D:7      | Paralysed by a hornet for 3 turns
  7365 | D:7      | Paralysed by a hornet for 3 turns
  7371 | D:7      | HP: 3/78 [poisoned by a hornet]
  7374 | D:7      | HP: 1/78 [poisoned by a hornet]
  7680 | D:8      | Killed a hornet
  7836 | D:7      | Reached skill level 12 in Axes
  7876 | D:7      | Noticed Joseph
  7888 | D:7      | Killed Joseph
  7888 | D:7      | Reached *** piety under Beogh
  8085 | D:7      | Reached XP level 10. HP: 86/86 MP: 10/10
  8422 | D:8      | Reached skill level 13 in Axes
  9091 | D:7      | HP: 3/86 [poisoned by avis's ghost]
  9092 | D:7      | Succumbed to avis's ghost's poison

Illustrated notes

Levels and vault maps discovered:
D:1:      dpeg_arrival_central, layout_loops_ring
D:2:      layout_loops_corners, basic_altar, kennysheep_boxes
D:3:      minmay_angry_zag, layout_loops_ring, mainiacjoe_overflow_24_doors,
          nicolae_ecumenical_pavilion
D:4:      layout_basic, mainiacjoe_overflow_alcove_1
D:5:      layout_basic, lightli_temple_of_fire,
          chequers_temple_overflow_statue_of_worship,
          cheibrodos_sewer_entry_drain, kennysheep_generic_room_3
D:6:      layout_basic, nicolae_uskayaw_dance_studio,
          mainiacjoe_overflow_alcove_2, amethyst_overflow_temple_binary,
          temple_hall, solitary_fountain
D:7:      lemuel_ice_statue, layout_basic, yredelemnul_altar_generic,
          gammafunk_ghost_wrathful_warriors, minmay_manual_moon, uniq_joseph
D:8:      layout_gridville, nicolae_ru_great_annihilating_truth,
          minmay_fractal_squares_gapless_5
Temple:   hellmonk_temple_rainy

Skill      XL: |  1  2  3  4  5  6  7  8  9 10 |
---------------+-------------------------------+-----
Fighting       | 4 6 7 |  7.5
Axes           | 3 4 5 6 9 10 12 13 | 13.3
Armour         | 4 5 6 7 8 |  8.2
Dodging        | 1 |  1.5
Shields        | 4 5 |  5.5
Throwing       | |  0.8
Stealth        | |  0.8

Action                     |  1- 3 |  4- 6 |  7- 9 | 10-12 || total
---------------------------+-------+-------+-------+-------++-------
  Melee: War axe           |   100 |   182 |   355 |   102 ||   739
  Throw: Stone             |    11 |     9 |     4 |     5 ||    29
 Invoke: Convert to Beogh  |       |     1 |       |       ||     1
  Evoke: Wand              |       |       |       |     1 ||     1
    Use: Potion            |       |     2 |    13 |     1 ||    16
         Scroll            |       |     4 |     9 |     3 ||    16
 Armour: Scale mail        |    52 |    76 |       |       ||   128
         Plate armour      |       |    25 |   286 |    73 ||   384
  Dodge: Dodged            |    43 |   101 |   141 |    24 ||   309
  Block: Buckler           |    29 |    43 |    98 |    23 ||   193

Table legend: (Time is in decaauts)
 A = Elapsed time spent in this place.
 B = Non-inter-level travel time spent in this place.
 C = Inter-level travel time spent in this place.
 D = Time resting spent in this place.
 E = Time spent auto-exploring this place.
 F = Levels seen in this place.
 G = Mean time per level.
                   A        B        C        D        E       F      G
               +--------+--------+--------+--------+--------+-----+--------+
         Total |   9349 |   8937 |    412 |   1733 |   5015 |  10 |  934.9 |
       Dungeon |   8129 |   7717 |    412 |   1488 |   4560 |   8 | 1016.1 |
        Temple |     57 |     57 |      0 |      0 |     10 |   1 |   57.0 |
         Sewer |   1162 |   1162 |      0 |    245 |    445 |   1 | 1162.0 |
               +--------+--------+--------+--------+--------+-----+--------+

Top non-repeatable levels by time:
     D:7: 1814 daAuts
     D:6: 1342 daAuts
   Sewer: 1162 daAuts
     D:3: 1137 daAuts
     D:2: 1110 daAuts
     D:4: 888 daAuts
     D:1: 777 daAuts
     D:5: 682 daAuts
     D:8: 376 daAuts
  Temple: 57 daAuts
